 Dungeon Crawl Stone Soup version 0.31-a0-924-ge39a22a033 (webtiles) character file.

Game seed: 16233350161944049981

70 Pixllover the Digger (level 4, -1/24 HPs)
             Began as a Gargoyle Earth Elementalist on Oct 18, 2023.
             Killed by an exploding kobold (21 damage)
             ... ignited by their inner flame
             ... on level 2 of the Dungeon.
             The game lasted 00:06:52 (1856 turns).

Pixllover the Digger (Gargoyle Earth Elementalist)  Turns: 1856, Time: 00:06:52

Health: -1/24      AC:  6    Str: 11    XL:     4   Next: 22%
Magic:  0/8        EV: 12    Int: 18    God:
Gold:   118        SH:  0    Dex: 10    Spells: 6/9 levels left

rFire   . . .        (no weapon)
rCold   . . .        (no shield)
rNeg    + + .        h - +1 robe {rN+}
rPois   ∞            (no helmet)
rElec   +            (no cloak)
rCorr   .            (no gloves)
SInv    .            (no boots)
Will    .....        (no amulet)
Stlth   ++           (no ring)
HPRegen 0.24/turn    (no ring)
MPRegen 0.11/turn

%: no passive effects
@: weak-willed
A: sickness immunity, AC +3, negative energy resistance 1, electricity
resistance, torment resistance 1, petrification resistance
a: no special abilities


You were on level 2 of the Dungeon.
You visited 1 branch of the dungeon, and saw 2 of its levels.

You collected 118 gold pieces.

Inventory:

Armour
 h - a +1 robe of positive energy (worn)
Potions
 b - a potion of curing {unknown}
 f - a potion of lignification {unknown}
 g - a potion of mutation {unknown}


   Skills:
 + Level 1.7 Dodging
 + Level 2.2 Stealth
 + Level 3.2 Spellcasting
 + Level 0.7 Transmutations
 + Level 4.7 Earth Magic


You had 6 spell levels left.
You knew the following spells:

 Your Spells              Type           Power      Damage    Failure   Level
a - Sandblast             Erth           40%        2d10      2%          1
b - Passwall              Tmut/Erth      10%        N/A       8%          2

Your spell library contained the following spells:

 Spells                   Type           Power      Damage    Failure   Level
 Stone Arrow              Conj/Erth      22%        3d8       19%         3
 Petrify                  Tmut/Erth      12%        N/A       45%         4
 Brom's Barrelling Bould  Conj/Erth      11%        2d3       52%         4


Dungeon Overview and Level Annotations

Branches:
Dungeon (2/15)

Altars:


Innate Abilities, Weirdness & Mutations

You are immune to sickness and miasma.
Your stone body is resilient. (AC +3)
You are immune to poison.
You resist negative energy. (rN+)
You are resistant to electric shocks. (rElec)
You are resistant to unholy torment.
You are immune to petrification.


Message History

The blast of sand misses the kobold.
The kobold barely misses you. Robin hits you but does no damage.
As you read the scroll labelled OSOMAZ AVVAFO, it crumbles to dust.
Magic quickly surges around you.
It was a scroll of vulnerability.
The kobold hits you but does no damage. Robin barely misses you.
As you read the scroll labelled TIEGAL WAL OBIE, it crumbles to dust.
You feel aware of your surroundings.
It was a scroll of revelation.
The kobold barely misses you. Robin barely misses you.
As you read the scroll labelled SUINIRPHE TUHUO, it crumbles to dust.
The creatures around you are filled with an inner flame!
It was a scroll of immolation.
The kobold hits you but does no damage. Robin barely misses you.
Casting: Sandblast (safe; 2% risk of failure)
Confirm with . or Enter, or press ? or * to list all spells.
You don't have enough magic to cast this spell.
Unknown command.
The kobold attacks as it pursues you! The kobold closely misses you.
Robin hits you but does no damage.
You hit Robin but do no damage. The kobold barely misses you.
Robin barely misses you.
You hit Robin but do no damage.
The kobold hits you with a +0 short sword.
Robin laughs in a distinctly smug fashion.
Robin hits you with a +0 dagger.
You hit the kobold but do no damage. The kobold barely misses you.
Robin hits you but does no damage.
You barely miss the kobold. The kobold completely misses you.
Robin hits you but does no damage.
Casting: Sandblast (safe; 2% risk of failure)
Confirm with . or Enter, or press ? or * to list all spells.
Aiming: Sandblast (safe; 2% risk of failure)
Press: ? - help, Shift-Dir - straight line, f/p - kobold
Aim: a kobold, wielding a +0 short sword (inner flame, weak-willed, 79% to hit)
The blast of sand hits the kobold.
Flame seeps out of the kobold.
The kobold is moderately wounded.
The kobold is engulfed in blazing flames.
The kobold explodes!
The fiery explosion engulfs Robin!!
The fiery explosion engulfs you!!
Ouch! That really hurt!
You die...

####.# *,***,,*,,,* #..#.#
########...#.##.#.* †..#.#
#...............#.* ##'#.#
#.###############.*
.....###.###############.*
##'#.#.........).#######.*
#..#.###.#######.#######.*
'..#.# #)#######§#######.#
####.###g#######@○§$.)...#
........g#################
#######.g################
.#######.################
.g.g)g)..################
#########################
* ###############
###############


There were no monsters in sight!

Vanquished Creatures
  Robin (D:2)
  An adder (D:2)
  A dart slug (D:2)
  3 ball pythons
  3 endoplasms (D:2)
  2 giant cockroaches
  13 goblins
  5 hobgoblins
  4 jackals (D:2)
  5 quokkas
  2 bats (D:1)
  3 frilled lizards
  4 kobolds
  8 rats
55 creatures vanquished.

Notes
Turn   | Place    | Note
-------+----------+-------------------------------------------
     0 | D:1      | Pixllover the Gargoyle Earth Elementalist began the quest
                  | for the Orb.
     0 | D:1      | Reached XP level 1. HP: 10/10 MP: 3/3
   240 | D:1      | Reached skill level 4 in Earth Magic
   240 | D:1      | Reached XP level 2. HP: 15/15 MP: 0/5
  1157 | D:2      | Learned a level 2 spell: Passwall
  1295 | D:2      | Reached XP level 3. HP: 19/19 MP: 4/6
  1815 | D:2      | Noticed Robin
  1816 | D:2      | Reached XP level 4. HP: 24/24 MP: 6/8
  1856 | D:2      | Killed Robin
  1856 | D:2      | Killed by an exploding kobold... ignited by their inner
                  | flame

Illustrated notes

Levels and vault maps discovered:
D:1:      scummos_arrival_simple_fountains, layout_loops_corners, serial_bayou,
          serial_bayou_pond_e, serial_bayou_pond_b, serial_bayou_pond_b,
          serial_bayou_pond_e, hex_tiny, minmay_indecisive_spiral
D:2:      minmay_door_path, layout_loops_ring, nrook_campfire,
          minmay_pentomino_z4, uniq_robin

Skill      XL: |  1  2  3 |
---------------+----------+-----
Earth Magic    | 4 |  4.7
Spellcasting   | 3 |  3.2
Dodging        | |  1.7
Stealth        | |  2.2
Transmutations | |  0.7

Action                     |  1- 3 |  4- 6 || total
---------------------------+-------+-------++-------
  Melee: Unarmed           |    11 |     5 ||    16
         Punch             |       |     1 ||     1
   Cast: Sandblast         |    64 |    10 ||    74
    Use: Potion            |     1 |       ||     1
         Scroll            |     1 |     3 ||     4
 Armour: Robe              |    23 |    19 ||    42
  Dodge: Dodged            |    26 |    15 ||    41

Table legend: (Time is in decaauts)
 A = Elapsed time spent in this place.
 B = Non-inter-level travel time spent in this place.
 C = Inter-level travel time spent in this place.
 D = Time resting spent in this place.
 E = Time spent auto-exploring this place.
 F = Levels seen in this place.
 G = Mean time per level.
                   A        B        C        D        E       F      G
               +--------+--------+--------+--------+--------+-----+--------+
         Total |   1898 |   1898 |      0 |    117 |   1287 |   2 |  949.0 |
       Dungeon |   1898 |   1898 |      0 |    117 |   1287 |   2 |  949.0 |
               +--------+--------+--------+--------+--------+-----+--------+

Top non-repeatable levels by time:
     D:1: 1172 daAuts
     D:2: 726 daAuts
